 Dungeon Crawl Stone Soup version 0.26.0-10-g1f06aea511 (webtiles) character file.

Game seed: 18035212287851583214

100 sanka the Caller (level 4, 0/33 HPs)
             Began as a Ghoul Hedge Wizard on Jan 17, 2021.
             Was an Initiate of Ru.
             Slain by a hobgoblin
             ... wielding a cursed -3 club
              (2 damage)
             ... on level 3 of the Dungeon.
             The game lasted 00:05:14 (3711 turns).

sanka the Caller (Ghoul Hedge Wizard)               Turns: 3711, Time: 00:05:14

Health: 0/33       AC:  2    Str: 13    XL:     4   Next: 73%
Magic:  0/7        EV: 12    Int: 10    God:    Ru [......]
Gold:   55         SH:  0    Dex:  8    Spells: 6/9 levels left

rFire    . . .     SeeInvis .   (no weapon)
rCold    + . .     Faith    .   (no shield)
rNeg     + + +     Spirit   .   b - +0 robe
rPois    ∞         Reflect  .   c - +0 hat
rElec    .         Harm     .   (no cloak)
rCorr    .         Rampage  .   (no gloves)
Will     .....                  (no boots)
Stlth    ++........             (no amulet)
HPRegen  0.00/turn              (no ring)
MPRegen  0.10/turn              (no ring)

@: very slightly contaminated
A: claws 1, cold resistance 1, negative energy resistance 3, inhibited
regeneration, torment resistance, unbreathing
a: Renounce Religion


You were on level 3 of the Dungeon.
You worshipped Ru.
Ru was noncommittal.
You visited 1 branch of the dungeon, and saw 3 of its levels.

You collected 55 gold pieces.


Innate Abilities, Weirdness & Mutations

You thrive by killing the living.
You are immune to poison.
You have sharp fingernails.
Your flesh is cold resistant. (rC+)
You are immune to negative energy. (rN+++)
You do not regenerate when monsters are visible.
You are immune to unholy pain and torment.
You can survive without breathing.


   Skills:
 - Level 1.7 Dodging
 - Level 2.1 Stealth
 - Level 3.0 Spellcasting
 - Level 1.0 Conjurations
 + Level 3.6 Summonings
 - Level 0.8 Translocations


You had 6 spell levels left.
You knew the following spells:

 Your Spells              Type           Power        Failure   Level
x - Call Imp              Summ           8%           10%         2
z - Magic Dart            Conj           12%          19%         1

Your spell library contained the following spells:

 Spells                   Type           Power        Failure   Level
 Blink                    Tloc           N/A          30%         2
 Slow                     Hex            1%           38%         2
 Conjure Flame            Conj/Fire      2%           56%         3
 Mephitic Cloud           Conj/Pois/Air  2%           58%         3

Inventory:

Hand Weapons
 a - a +0 dagger
Armour
 b - a +0 robe (worn)
 c - a +0 hat (worn)
Wands
 k - a wand of random effects (21)
Scrolls
 d - 2 scrolls of teleportation {unknown}
 e - a scroll of enchant armour {unknown}
 f - a scroll of noise {unknown}
 g - 5 scrolls of remove curse {unknown}
 i - 3 scrolls of identify {unknown}
 j - a scroll of random uselessness {unknown}
 m - a scroll of amnesia {unknown}
 n - a scroll of enchant weapon {unknown}
Potions
 h - a potion of curing {unknown}
 l - a potion of flight {unknown}

Dungeon Overview and Level Annotations

Branches:
Dungeon (3/15)

Altars:
Ru

▒.▒▒..÷......▒
▒.▒▒▒▒▒▒▒▒▒..▒▒▒
..▒ ▒....▒▒ ▒▒▒
▒.....▒▒▒▒▒▒
▒▒▒.▒......▒
▒▒▒▒▒▒▒........▒
▒........▒▒▒▒▒▒▒
..▒▒▒▒▒▒.▒▒▒▒▒
▒.÷gn.▒▒
▒▒▒▒▒..▒ ▒▒.▒
▒.▒ ▒.▒▒ ▒ ▒..▒
.▒▒▒ ▒▒.▒ ...
▒.▒ ▒.▒▒ ▒▒.▒▒▒


You could see a hobgoblin.


Message History

The hobgoblin closely misses you.
Aiming: Magic Dart (safe; 19% risk of failure)
Aim: a hobgoblin, wielding a -3 club and wearing a +0 scale mail (almost dead, 0% to evade)
The magic dart hits the hobgoblin but does no damage.
The hobgoblin is almost dead.
The hobgoblin hits you with a cursed -3 club.
* * * LOW HITPOINT WARNING * * *
Unknown command.
Your magical contamination has completely faded away.
You see here 13 stones.
Aiming: Magic Dart (safe; 19% risk of failure)
Aim: a hobgoblin, wielding a -3 club and wearing a +0 scale mail (almost dead, 0% to evade)
The magic dart hits the hobgoblin but does no damage.
The hobgoblin is almost dead.
The hobgoblin hits you but does no damage.
You see here a rat skeleton.
You see here a frilled lizard skeleton.
You see here a short sword.
Aiming: Magic Dart (safe; 19% risk of failure)
Aim: a hobgoblin, wielding a -3 club and wearing a +0 scale mail (almost dead, 0% to evade)
You miscast Magic Dart.
You are very lightly contaminated with residual magic.
Nothing appears to happen.
The hobgoblin completely misses you.
Aiming: Magic Dart (safe; 19% risk of failure)
Aim: a hobgoblin, wielding a -3 club and wearing a +0 scale mail (almost dead, 0% to evade)
The magic dart hits the hobgoblin but does no damage.
The hobgoblin is almost dead.
The hobgoblin hits you with a cursed -3 club.
You die...

Action                   |  1- 3 |  4- 6 || total
-------------------------+-------+-------++-------
Melee: Unarmed           |    61 |    58 ||   119
 Cast: Magic Dart        |    71 |    38 ||   109
       Call Imp          |     9 |     2 ||    11
Armor: Robe              |     9 |    15 ||    24
Dodge: Dodged            |    65 |    43 ||   108

Levels and vault maps discovered:
D:1:      minmay_arrival_stair_chambers, layout_basic, serial_park_tiny_1
D:2:      layout_rooms, lemuel_doored_altar, chequers_ecumenical_altar_grove
D:3:      layout_rooms, minmay_divided_ellipse

Notes
Turn   | Place    | Note
-------+----------+-------------------------------------------
     0 | D:1      | sanka the Ghoul Hedge Wizard began the quest for the Orb.
     0 | D:1      | Reached XP level 1. HP: 14/14 MP: 3/3
   121 | D:1      | Reached skill level 1 in Summonings
   139 | D:1      | Reached skill level 1 in Conjurations
   152 | D:1      | Reached XP level 2. HP: 18/20 MP: 0/4
   159 | D:1      | Learned a level 2 spell: Call Imp
   267 | D:1      | Reached skill level 3 in Spellcasting
  1270 | D:1      | Reached skill level 2 in Summonings
  1366 | D:2      | Reached XP level 3. HP: 26/26 MP: 1/6
  2755 | D:2      | Reached skill level 3 in Summonings
  2755 | D:2      | Reached XP level 4. HP: 11/33 MP: 0/7
  2947 | D:2      | Found a sacrificial altar of Ru.
  2975 | D:2      | Became a worshipper of Ru the Awakened
  3113 | D:2      | Found a faded altar of an unknown god.
  3687 | D:3      | HP: 2/33 [hobgoblin/cursed -3 club (2)]
  3711 | D:3      | Slain by a hobgoblin

Vanquished Creatures
  4 adders
  A dart slug (D:1)
  A leopard gecko (D:3)
  A giant cockroach (D:2)
  10 goblins
  4 hobgoblins
  2 jackals (D:3)
  A quokka (D:2)
  A ball python (D:2)
  2 bats
  8 frilled lizards
  7 kobolds
  9 rats
51 creatures vanquished.

Vanquished Creatures (collateral kills)
  An adder (D:2)
  A worm (D:1)
  3 jackals (D:3)
  A quokka (D:2)
  A kobold (D:2)
7 creatures vanquished.

Grand Total: 58 creatures vanquished

Table legend: (Time is in decaauts)
 A = Elapsed time spent in this place.
 B = Non-inter-level travel time spent in this place.
 C = Inter-level travel time spent in this place.
 D = Time resting spent in this place.
 E = Time spent auto-exploring this place.
 F = Levels seen in this place.
 G = Mean time per level.
                   A        B        C        D        E       F      G
               +--------+--------+--------+--------+--------+-----+--------+
         Total |   3710 |   3630 |     80 |   1952 |   1182 |   3 | 1236.7 |
       Dungeon |   3710 |   3630 |     80 |   1952 |   1182 |   3 | 1236.7 |
               +--------+--------+--------+--------+--------+-----+--------+

Top non-repeatable levels by time:
     D:1: 1583 daAuts
     D:2: 1571 daAuts
     D:3: 555 daAuts
